 Dungeon Crawl Stone Soup version 0.16.0-14-g63f578d (console) character file.

148 gw the Conjurer (level 4, -3/35 HPs)
             Began as a Demigod Conjurer on Mar 19, 2015.
             Slain by gw's ghost (12 damage)
             ... on level 4 of the Dungeon.
             The game lasted 00:02:09 (4689 turns).

gw the Conjurer (Demigod Conjurer)                  Turns: 4689, Time: 00:02:09

Health: -3/35      AC:  5    Str: 11    XL:     4   Next: 82%
Magic:  0/12       EV: 12    Int: 21    God:
Gold:   147        SH:  0    Dex: 16    Spells: 3 memorised, 3 levels left

rFire  . . .     SeeInvis .     a - +0 mace
rCold  . . .     Clarity  .     m - +0 leather armour
rNeg   . . .     SustAb   +     (no shield)
rPois  .         Gourm    .     j - +0 helmet
rElec  .         Spirit   .     (no cloak)
rCorr  .         Warding  .     n - +0 pair of gloves
rMut   .         Stasis   .     (no boots)
MR     .....                    (no amulet)
Stlth  ++........               (no ring)
                                (no ring)

@: very slightly contaminated, not resistant to hostile enchantments, unstealthy
A: sustain abilities
a: no special abilities


You were on level 4 of the Dungeon.
You were near starving.

You visited 1 branch of the dungeon, and saw 4 of its levels.

You collected 147 gold pieces.

Inventory:

Hand weapons
 a - a +0 mace (weapon)
Missiles
 e - 21 bolts
Armour
 j - a +0 helmet (worn)
 m - a +0 leather armour (worn)
 n - a +0 pair of gloves (worn)
Scrolls
 g - 5 scrolls of identify
 h - a scroll of remove curse
 i - 2 scrolls of fear
 l - a scroll of enchant weapon {unknown}
Books
 c - a book of Conjurations

   Spells                             Type                      Level
   a - Magic Dart                     Conjuration                  1
   b - Searing Ray                    Conjuration                  2
   c - Dazzling Spray                 Conjuration/Hexes            3
   d - Fulminant Prism                Conjuration/Hexes            4
   e - Iskenderun's Mystic Blast      Conjuration                  4
   f - Iskenderun's Battlesphere      Conjuration/Charms           5
Comestibles
 b - a bread ration
 d - 4 meat rations
 k - a slice of pizza


   Skills:
 + Level 1.3 Fighting
 + Level 1.4 Maces & Flails
 + Level 1.5 Armour
 - Level 1.7 Dodging
 - Level 1.7 Stealth
 * Level 3.0 Spellcasting
 + Level 4.0 Conjurations


You had 3 spell levels left.
You knew the following spells:

 Your Spells              Type           Power        Failure   Level  Hunger
a - Magic Dart            Conj           ###.         3%          1    None
b - Searing Ray           Conj           ###...       6%          2    ##.....
c - Dazzling Spray        Conj/Hex       ##......     24%         3    ###....


Dungeon Overview and Level Annotations

Branches:
Dungeon (4/15)
 Temple: D:4-7

Annotations:
D:4 Prince Ribbit; gw's ghost, average NaGl


Innate Abilities, Weirdness & Mutations

Your attributes are resistant to harm.


Message History

Gw's ghost hits you.
Unknown command.
Unknown command.
Unknown command.
Unknown command.
FLEEEEING!
ATTACKING (-1,0)
You hit gw's ghost but do no damage.
Gw's ghost is moderately damaged.
Gw's ghost hits you! Gw's ghost closely misses you.
Unknown command.
Unknown command.
Unknown command.
Unknown command.
FLEEEEING!
ATTACKING (-1,0)
Your leather armour prevents you from hitting gw's ghost.
Gw's ghost is moderately damaged.
Gw's ghost hits you!
You die...

### ###
#.###############
#<#
#.............Wp#
#.#
#.###########.###
#.# #.# #.# #.#
#.# #.# #.# #.#
#.# #.# #W####
#.# #.# ##....#
#.# #.# ...##.#
#.# #.# ##.# #
##'####### #.#


You could see gw's ghost.

Table legend:
 A = Turns spent in this place as a percentage of turns spent in the entire game.
 B = Non-inter-level travel turns spent in this place as a percentage of non-inter-level travel turns spent in the entire game.
 C = Inter-level travel turns spent in this place as a percentage of turns spent in this place.
 D = Turns resting spent in this place as a percentage of non-inter-level travel turns spent in this place.
 E = Turns spent auto-exploring this place as a percentage of non-inter-level travel turns spent in this place.
 F = Non-inter-level travel turns spent in this place divided by the number of levels of this place that you've seen.
                   A       B       C       D       E      F
               +-------+-------+-------+-------+-------+----------------------
         Total | 100.0 | 100.0 |   1.3 |   3.1 |   2.9 | 982.8
       Dungeon | 100.0 | 100.0 |   1.3 |   3.1 |   2.9 | 982.8
               +-------+-------+-------+-------+-------+----------------------

Table legend:
 A = Kills in this place as a percentage of kills in entire the game.
 B = Kills by you in this place as a percentage of kills by you in the entire game.
 C = Kills by friends in this place as a percentage of kills by friends in the entire game.
 D = Other kills in this place as a percentage of other kills in the entire game.
 E = Experience gained in this place as a percentage of experience gained in the entire game.
 F = Experience gained in this place divided by the number of levels of this place that you have seen.
                   A       B       C       D       E      F
               +-------+-------+-------+-------+-------+----------------------
         Total | 100.0 | 100.0 |  -nan |  -nan | 100.0 |  53.0
       Dungeon | 100.0 | 100.0 |  -nan |  -nan | 100.0 |  53.0
               +-------+-------+-------+-------+-------+----------------------

Vanquished Creatures
  An orc priest (D:3)
  5 adders
  3 worms (D:2)
  2 giant geckos (D:1)
  2 orcs (D:3)
  10 bats
  5 giant cockroaches
  4 hobgoblins (D:1)
  6 jackals
  3 kobolds
  A quokka (D:3)
  2 ball pythons
  2 giant newts
  6 goblins
  3 rats (D:2)
55 creatures vanquished.

Notes
Turn   | Place    | Note
--------------------------------------------------------------
     0 | D:1      | gw, the Demigod Conjurer, began the quest for the Orb.
     0 | D:1      | Reached XP level 1. HP: 14/14 MP: 3/3
   634 | D:1      | Reached XP level 2. HP: 22/22 MP: 1/5
   679 | D:1      | Learned a level 2 spell: Searing Ray
  1451 | D:2      | Reached XP level 3. HP: 24/27 MP: 0/8
  1528 | D:2      | Learned a level 3 spell: Dazzling Spray
  1650 | D:2      | Reached skill level 1 in Armour
  2204 | D:2      | Reached skill level 1 in Maces & Flails
  2204 | D:2      | Reached skill level 4 in Conjurations
  2492 | D:2      | Reached XP level 4. HP: 34/34 MP: 0/11
  2805 | D:3      | Found an opulent altar of Gozag.
  3055 | D:3      | Reached skill level 1 in Fighting
  4241 | D:4      | Noticed Prince Ribbit
  4625 | D:4      | Noticed gw's ghost (average NaGl)
  4689 | D:4      | Slain by gw's ghost

Action                   |  1- 3 |  4- 6 || total
-------------------------+-------+-------++-------
Melee: Club              |     3 |       ||     3
       Mace              |    11 |    18 ||    29
 Cast: Magic Dart        |    52 |    22 ||    74
       Dazzling Spray    |    15 |    26 ||    41
  Use: Scroll            |     5 |     3 ||     8
       Potion            |     2 |     3 ||     5
  Eat: Chunk             |     6 |     9 ||    15

Vault maps used:
D:1:      lemuel_arrival_lava_pool, bh_walls_and_bars
D:3:      nicolae_gozag_seed_capital
D:4:      elyvilon_altar_5, temple_doors_e, serial_shops, shop_statue,
          minmay_strange_pillars, uniq_prince_ribbit1, uniq_duvessa,
          uniq_natasha
